 Dungeon Crawl Stone Soup version 0.23.2-30-g0e89c35 (webtiles) character file.

Game seed: 11943131615673432837

40 Fortress the Firebug (level 3, -1/26 HPs)
             Began as a Draconian Fire Elementalist on June 24, 2019.
             Slain by an orc (3 damage)
             ... on level 3 of the Dungeon.
             The game lasted 00:07:38 (1770 turns).

Fortress the Firebug (Draconian Fire Elementalist)  Turns: 1770, Time: 00:07:39

Health: -1/26      AC:  5    Str: 10    XL:     3   Next: 30%
Magic:  2/6        EV: 12    Int: 16    God:
Gold:   117        SH:  0    Dex: 15    Spells: 5/6 levels left

rFire    . . .     SeeInvis .   g - +0 mace (curse)
rCold    . . .     Gourm    .   (no shield)
rNeg     . . .     Faith    .   (armour unavailable)
rPois    .         Spirit   .   (helmet restricted)
rElec    .         Reflect  .   (no cloak)
rCorr    .         Harm     .   (no gloves)
MR       .....                  (no boots)
Stlth    ++........             (no amulet)
HPRegen  0.08/turn              e - +4 ring of dexterity
MPRegen  0.10/turn              (no ring)

@: lethally poisoned (-1 -> -2), very slightly contaminated
A: unfitting armour, cold-blooded, AC +5
a: no special abilities


You were on level 3 of the Dungeon.
You were not hungry.

You visited 1 branch of the dungeon, and saw 3 of its levels.

You collected 117 gold pieces.

Inventory:

Hand Weapons
 a - a +0 hunting sling
 g - a cursed +0 mace (weapon)
Missiles
 d - 101 stones (quivered)
 h - 31 sling bullets
Magical Staves
 l - an uncursed staff of earth {unknown}
Jewellery
 e - a +4 ring of dexterity (left hand)
Scrolls
 c - 3 scrolls of identify
 j - a scroll of teleportation
Potions
 f - a potion of berserk rage
Comestibles
 b - 3 rations


   Skills:
 - Level 2.0 Dodging
 - Level 2.0 Stealth
 + Level 2.4 Spellcasting
 + Level 1.1 Conjurations
 + Level 3.7 Fire Magic


You had 5 spell levels left.
You knew the following spells:

 Your Spells              Type           Power        Failure   Level  Hunger
a - Flame Tongue          Conj/Fire      #....        7%          1    #......

Your spell library contained the following spells:

 Spells                   Type           Power        Failure   Level  Hunger
 Throw Flame              Conj/Fire      #.....       11%         2    ###....
 Conjure Flame            Conj/Fire      #.......     22%         3    ###....
 Inner Flame              Hex/Fire       #.......     26%         3    ###....
 Sticky Flame             Conj/Fire      #.......     56%         4    #####..
 Fireball                 Conj/Fire      #.........   89%         5    ######.


Dungeon Overview and Level Annotations

Branches:
Dungeon (3/15)

Altars:
Kikubaaqudgha

Annotations:
D:3 Sigmund


Innate Abilities, Weirdness & Mutations

Your plain brown scales are hard. (AC +5)
You cannot fit into any form of body armour.
You are cold-blooded and may be slowed by cold attacks.


Message History

The orc priest hits you but does no damage.
Casting: Flame Tongue (safe; 7% risk of failure)
Confirm with . or Enter, or press ? or * to list all spells.
Aiming: Flame Tongue (safe; 7% risk of failure)
Press: ? - help, Shift-Dir - straight line, f - orc priest
Aim: an orc priest, wielding a +0 war axe, wearing a +0 scale mail and wearing an uncursed ring of protection from cold The flame tongue hits the orc priest.
The orc priest is lightly wounded.
* * * LOW HITPOINT WARNING * * *
You feel sick.
The orc priest hits you but does no damage.
Casting: Flame Tongue (safe; 7% risk of failure)
Confirm with . or Enter, or press ? or * to list all spells.
Aiming: Flame Tongue (safe; 7% risk of failure)
Press: ? - help, Shift-Dir - straight line, f/p - orc priest
Aim: an orc priest, wielding a +0 war axe, wearing a +0 scale mail and wearing an uncursed ring of protection from cold (lightly wounded)
The flame tongue hits the orc priest but does no damage.
The orc priest is lightly wounded.
The orc hits you.
You die...

##..# ##..# .... ##
....# _...##.... . #...#
.?...#.#.# ..
....#######.......###o
....................'
#...#########...##.#
#...#####........o.# +
........#.......@o.#....
........#.....†(.......#
.......)#..........#.#.#
........###......#.# #
..........(......#.#
.................#.#
.................#.#
.................#.#
..............##...#


You could see an orc priest and 2 orcs.

Vanquished Creatures
  An adder (D:2)
  A dart slug (D:1)
  A leopard gecko (D:1)
  4 orcs (D:3)
  A giant cockroach (D:3)
  2 goblins
  3 hobgoblins
  5 bats
  A frilled lizard (D:3)
  2 kobolds (D:3)
  2 rats (D:1)
23 creatures vanquished.

Notes
Turn   | Place    | Note
-------+----------+-------------------------------------------
     0 | D:1      | Fortress the Draconian Fire Elementalist began the quest
                  | for the Orb.
     0 | D:1      | Reached XP level 1. HP: 14/14 MP: 3/3
   489 | D:1      | Reached XP level 2. HP: 19/20 MP: 1/5
  1215 | D:2      | Noticed an ogre
  1250 | D:3      | Noticed Sigmund
  1250 | D:3      | Noticed a crimson imp
  1684 | D:3      | Reached XP level 3. HP: 26/26 MP: 3/6
  1750 | D:3      | Found an ancient bone altar of Kikubaaqudgha.
  1770 | D:3      | Slain by an orc

Skill      XL: |  1  2 |
---------------+-------+-----
Dodging        | 2 |  2.0
Stealth        | 2 |  2.0
Spellcasting   | |  2.4
Conjurations   | |  1.1
Fire Magic     | |  3.7

Action                   || total
-------------------------++-------
Melee: Mace              ||    63
       Unarmed           ||     2
       Tailslap          ||     2
 Cast: Flame Tongue      ||    38
  Use: Scroll            ||     4
       Potion            ||     1
  Eat: Chunk             ||     3
Armor: Skin              ||    35
Dodge: Dodged            ||    61
